 Dungeon Crawl Stone Soup version 0.28-a0-1435-g82390b3a13 (webtiles) character file.

Game seed: 395014635619927047

333 shadowrider38 the Stinger (level 6, -1/43 HPs)
             Began as an Octopode Wanderer on Jan 9, 2022.
             Slain by a centaur (3 damage)
             ... on level 5 of the Dungeon.
             The game lasted 00:20:54 (5744 turns).

shadowrider38 the Stinger (Octopode Wanderer)       Turns: 5744, Time: 00:20:55

Health: -1/43      AC:  1    Str: 14    XL:     6   Next: 52%
Magic:  7/7        EV: 14    Int: 13    God:
Gold:   191        SH:  0    Dex: 12    Spells: 6/7 levels left

rFire   . . .      SeeInvis .   b - +3 whip (holy)
rCold   . . .      Faith    .   (no shield)
rNeg    . . .      Spirit   .   c - +0 hat
rPois   +          Reflect  .   (no amulet)
rElec   .          Harm     .   o - ring of poison resistance
rCorr   .          Rampage  .   (no ring)
Will    .....                   (no ring)
Stlth   +++.......              (no ring)
HPRegen 0.14/turn               (no ring)
MPRegen 0.10/turn               (no ring)
                                (no ring)
                                (no ring)

@: flying
A: almost no armour, amphibious, 8 rings, camouflage 1, gelatinous body 1,
(nimble swimmer 1), tentacles
a: no special abilities


You were on level 5 of the Dungeon.
You visited 1 branch of the dungeon, and saw 5 of its levels.

You collected 191 gold pieces.

Inventory:

Hand Weapons
 a - a +0 shortbow
 b - a +3 whip of holy wrath (weapon)
 p - a +0 flail
 q - a +0 war axe
 w - a +0 halberd
Missiles
 d - 156 stones (quivered)
 e - 35 arrows
Armour
 c - a +0 hat (worn)
 j - an orb of mayhem
Jewellery
 o - a ring of poison resistance (left tentacle)
 x - an amulet of guardian spirit
Scrolls
 f - 2 scrolls of amnesia {unknown}
 k - 2 scrolls of fog {unknown}
 l - a scroll of enchant armour {unknown}
 m - a scroll of brand weapon {unknown}
 r - a scroll of noise {unknown}
 s - a scroll of vulnerability {unknown}
 u - a scroll of enchant weapon {unknown}
 v - a scroll of acquirement {unknown}
Potions
 g - a potion of might {unknown}
 h - a potion of flight
 i - a potion of heal wounds {unknown}
 n - 2 potions of brilliance {unknown}
 t - a potion of curing {unknown}
 z - a potion of berserk rage {unknown}


   Skills:
 - Level 4.0 Fighting
 - Level 1.0 Bows
 + Level 4.6 Dodging
 - Level 4.0 Stealth
 - Level 1.0 Spellcasting
 - Level 6.0 Poison Magic


You had 6 spell levels left.
You knew the following spells:

 Your Spells              Type           Power      Damage    Failure   Level
a - Sting                 Tmut/Pois      32%        1d4       9%          1

Your spell library contained the following spells:

 Spells                   Type           Power      Damage    Failure   Level
 Poisonous Vapours        Pois/Air       16%        N/A       12%         2
 Spider Form              Tmut/Pois      8%         N/A       24%         3
 Ignite Poison            Fire/Tmut/Pois 5%         N/A       36%         3
 Mephitic Cloud           Conj/Pois/Air  5%         N/A       36%         3
 Corpse Rot               Necr/Air       0%         N/A       38%         2
 Scorch                   Fire           0%         2d5       38%         2
 Portal Projectile        Hex/Tloc       0%         N/A       63%         3
 Dispel Undead            Necr           0%         3d6       95%         4
 Flame Wave               Conj/Fire      0%         2d4       95%         4
 Blade Hands              Tmut           0%         N/A       100%        5
 Excruciating Wounds      Necr           0%         N/A       100%        5
 Freezing Cloud           Conj/Ice/Air   0%         6-21      100%        5
 Death Channel            Necr           0%         N/A       100%        6
 Summon Cactus Giant      Summ           0%         N/A       100%        6


Dungeon Overview and Level Annotations

Branches:
Dungeon (5/15)
 Temple: D:4-7

Altars:
Okawaru
Vehumet
Yredelemnul

Shops:
D:1 (   D:4 !


Innate Abilities, Weirdness & Mutations

You cannot wear most types of armour.
You are amphibious.
You can wear up to eight rings at the same time.
Your skin changes colour to match your surroundings (Stealth+).
Your rubbery body absorbs attacks. (AC +1, EV +1)
((You are camouflaged when in or above water. (Stealth+)))
You have tentacles for arms and can constrict up to eight enemies at once.


Message History

Where to? (Enter - D:4 @ (x,y), ? - help)
Okay, then.
Unknown command.
Unknown command.
HP restored.
Found a short sword.
You hear the rusting of a very distant drain.
You hear the slow hiss of a very distant avalanche of sand.
A centaur comes into view.
You see here a sedimented amethyst potion.
An ice beast comes into view.
The centaur shouts!
The centaur wields a +0 shortbow.
The centaur shoots an arrow.
The arrow hits you!
The centaur shoots an arrow.
The arrow hits you!
The centaur shoots an arrow.
The arrow barely misses you.
You see here a sedimented amethyst potion.
You start resting.
A centaur is nearby!
The centaur unwields a +0 shortbow.
The centaur barely misses you. The centaur kicks you.
You see here a sedimented amethyst potion.
You closely miss the centaur. The centaur hits you.
* * * LOW HITPOINT WARNING * * *
The centaur closely misses you. The centaur completely misses you.
The centaur kicks you.
* * * LOW HITPOINT WARNING * * *
Okay, then.
Unknown command.
Unknown command.
You barely miss the centaur. The centaur closely misses you. x2
The centaur barely misses you. x2
You closely miss the centaur. Your squeeze misses the centaur.
The centaur hits you.
* * * LOW HITPOINT WARNING * * *
The centaur misses you.
It was a potion of flight.
You feel very buoyant.
You fly up into the air.
The centaur hits you.
You die...

... #.._..# ...
##.^^## #.# #.^.^^#
#.#######..^##
#)#...####'##
#.#.##.###.### #.
#Y#.##..##.#.#
##..####c#.<#..##...#
#......@.####..####.#
###.####.......## #.#
#.####..(# #.# #.#
###.# #.# #.# #.# #.#
..# #.# #.# ### #.#
#.# #.# #.# #.###.#


You could see an ice beast and a centaur.

Vanquished Creatures
  A phantom (D:4)
  An orc priest (D:4)
  An iguana (D:4)
  4 gnolls
  6 adders
  4 worms
  4 dart slugs
  6 orcs
  4 endoplasms
  2 giant cockroaches
  5 goblins
  5 hobgoblins
  3 jackals
  7 quokkas
  4 ball pythons
  9 bats
  4 frilled lizards
  9 kobolds
  4 rats
  A spectral orc (D:5)
84 creatures vanquished.

Notes
Turn   | Place    | Note
-------+----------+-------------------------------------------
     0 | D:1      | shadowrider38 the Octopode Wanderer began the quest for the
                  | Orb.
     0 | D:1      | shadowrider38 set off with the following items: a +0
                  | shortbow, 21 arrows, a +0 hat; and the following spell
                  | memorised: Sting; and the following spells available to
                  | memorise: Poisonous Vapours, Spider Form
     0 | D:1      | Reached XP level 1. HP: 11/11 MP: 2/2
   466 | D:1      | Reached skill level 1 in Dodging
   673 | D:1      | Reached XP level 2. HP: 17/17 MP: 3/3
   676 | D:1      | Found Lalues's Weapon Shop.
   853 | D:1      | Reached skill level 1 in Fighting
   930 | D:1      | Reached XP level 3. HP: 21/23 MP: 4/4
  2162 | D:2      | Reached XP level 4. HP: 23/29 MP: 5/5
  3897 | D:3      | Reached XP level 5. HP: 34/34 MP: 6/6
  4055 | D:3      | Found a radiant altar of Vehumet.
  4119 | D:3      | Found an iron altar of Okawaru.
  4242 | D:3      | Found a faded altar of an unknown god.
  4625 | D:4      | Found Poer's Distillery.
  4682 | D:4      | Noticed a phantom
  5013 | D:4      | Killed a phantom
  5014 | D:4      | Reached XP level 6. HP: 37/43 MP: 7/7
  5582 | D:5      | Entered Level 5 of the Dungeon
  5691 | D:5      | Found a basalt altar of Yredelemnul.
  5734 | D:5      | Noticed an ice beast
  5743 | D:5      | HP: 2/43 [centaur (6)]
  5744 | D:5      | Slain by a centaur

Illustrated notes

Levels and vault maps discovered:
D:1:      lemuel_arrival_room, layout_rooms, serial_shops, shop, st_stairs_2,
          minivault_14, minmay_pentomino_w2
D:2:      minmay_diamond_boxcup, layout_loops_corners, minmay_crystal_room,
          corner_web_ring, minmay_misc_feat_chi, grunt_ministairs_9,
          roderic_roman_lattice
D:3:      layout_basic, mainiacjoe_overflow_small_starburst,
          mainiacjoe_overflow_tiny_flanked,
          chequers_ecumenical_altar_simple_redux
D:4:      layout_rooms, serial_co_window_serial, co_window_corner_a,
          co_window_corner_a, co_window_paths_a, co_window_of_opportunity_a,
          co_window_paths_a, co_window_broadway_a, co_window_corner_b,
          co_window_corner_b, co_window_corner_b, co_window_of_opportunity_b,
          glass_columns_b, glass_columns_a, glass_columns_a, glass_columns_b,
          serial_shops, nicolae_shop_advertising_works
          [nicolae_subvault_shop_adworks], corexii_corridor_pit
D:5:      layout_basic, yredelemnul_forgotten_temple_becter,
          portal_sewer_entry_a, enter_ossuary_3, uniq_edmund

Skill      XL: |  1  2  3  4  5 |
---------------+----------------+-----
Dodging        | 1 2 3 4 |  4.6
Fighting       | 1 2 4 |  4.0
Bows           | |  1.0
Stealth        | |  4.0
Spellcasting   | |  1.0
Poison Magic   | |  6.0

Action                   |  1- 3 |  4- 6 || total
-------------------------+-------+-------++-------
Melee: Dagger            |    26 |       ||    26
       Constrict         |    15 |    26 ||    41
       Unarmed           |     1 |       ||     1
       Tentacles         |     7 |    18 ||    25
       Punch             |     1 |     2 ||     3
       War axe           |    21 |    40 ||    61
       Short sword       |     5 |       ||     5
       Halberd           |       |    46 ||    46
       Whip              |       |    27 ||    27
 Fire: Shortbow          |    37 |     7 ||    44
  Use: Potion            |       |     1 ||     1
 Stab: Sleeping          |     4 |    19 ||    23
Armor: Skin              |    11 |     7 ||    18
Dodge: Dodged            |    29 |    87 ||   116

Table legend: (Time is in decaauts)
 A = Elapsed time spent in this place.
 B = Non-inter-level travel time spent in this place.
 C = Inter-level travel time spent in this place.
 D = Time resting spent in this place.
 E = Time spent auto-exploring this place.
 F = Levels seen in this place.
 G = Mean time per level.
                   A        B        C        D        E       F      G
               +--------+--------+--------+--------+--------+-----+--------+
         Total |   5786 |   5557 |    229 |   2034 |   2248 |   5 | 1157.2 |
       Dungeon |   5786 |   5557 |    229 |   2034 |   2248 |   5 | 1157.2 |
               +--------+--------+--------+--------+--------+-----+--------+

Top non-repeatable levels by time:
     D:2: 2628 daAuts
     D:1: 1207 daAuts
     D:4: 1059 daAuts
     D:3: 736 daAuts
     D:5: 155 daAuts
